 Dungeon Crawl Stone Soup version 0.20.1-1-g8b1a95d (webtiles) character file.

18715 letownia2 the Reanimator (level 12, -12/103 HPs)
             Began as a Deep Dwarf Necromancer on Dec 8, 2017.
             Was an Initiate of Gozag.
             Mangled by an ettin
             ... wielding a +0 dire flail of protection
              (30 damage)
             ... on level 2 of the Orcish Mines.
             The game lasted 00:58:27 (14413 turns).

letownia2 the Reanimator (Deep Dwarf Necromancer)  Turns: 14413, Time: 00:58:27

Health: -12/103    AC: 24    Str: 20    XL:     12   Next: 30%
Magic:  1/25       EV:  9    Int: 20    God:    Gozag
Gold:   2070       SH:  5    Dex: 13    Spells: 15/29 levels left

rFire    + . .     SeeInvis .   a - +1 broad axe (flame)
rCold    . . .     Gourm    .   H - +0 buckler
rNeg     . . .     Faith    .   I - +7 chain mail of the Princess {rF+ Str+2 Int+2}
rPois    +         Spirit   .   u - +2 helmet
rElec    .         Reflect  .   Z - +0 cloak
rCorr    .         Harm     .   (no gloves)
MR       +....                  A - +1 pair of boots
Stlth    ..........             (no amulet)
Regen    0.0/turn               B - +3 ring of strength
MPRegen  0.2/turn               V - ring of poison resistance

@: very slightly contaminated, non-regenerating
A: damage resistance, heal wounds, sense surroundings 2, no regeneration
a: Heal Wounds, Potion Petition, Call Merchant, Bribe Branch, Renounce Religion


You were on level 2 of the Orcish Mines.
You worshipped Gozag.
Gozag was most pleased with you.
You were not hungry.

You visited 4 branches of the dungeon, and saw 16 of its levels.
You also visited: Ossuary, Bailey and Volcano.

You collected 4594 gold pieces.
You spent 237 gold pieces at shops.
You paid 2287 gold pieces to Gozag.

Inventory:

Hand Weapons
 a - a +1 broad axe of flaming (weapon)
 b - a +0 demon trident of flaming
 c - a +0 blowgun
 i - a +0 battleaxe
 E - a +1 shortbow of flaming
Missiles
 f - 34 poisoned needles
 h - a steel javelin (quivered)
 L - 110 arrows
Armour
 u - a +2 helmet (worn)
 A - a +1 pair of boots (worn)
 H - a +0 buckler (worn)
 I - the +7 chain mail of the Princess (worn) {rF+ Str+2 Int+2}
   (You bought it in a shop on level 1 of the Lair of Beasts)

   It affects your strength (+2).
   It affects your intelligence (+2).
   It protects you from fire.
 S - the +5 scale mail "Maciatew" {rN+}
   (You found it in a bailey)

   It protects you from negative energy.
 Z - a +0 cloak (worn)
Jewellery
 g - a +4 ring of strength
 B - a +3 ring of strength (left hand)
 D - an uncursed ring of resist corrosion
 V - a ring of poison resistance (right hand)
 X - an uncursed ring of protection from fire
Wands
 d - a wand of confusion (31/48)
 e - a wand of enslavement (9/24)
 y - a wand of acid (1/15)
 Y - a wand of confusion (9/48)
Scrolls
 l - 2 scrolls of fog {unknown}
 p - 6 scrolls of teleportation
 r - 8 scrolls of remove curse
 F - 2 scrolls of immolation {unknown}
 G - 2 scrolls of blinking
 J - 2 scrolls of recharging
 K - 2 scrolls of fear
 T - a scroll of magic mapping
Potions
 j - a potion of ambrosia
 k - 8 potions of curing
 n - a potion of resistance {unknown}
 s - 4 potions of brilliance
 t - a potion of agility {unknown}
 v - a potion of invisibility
 w - 2 potions of degeneration {unknown}
 x - 3 potions of mutation
 z - 3 potions of haste {unknown}
 C - 2 potions of flight
 M - a potion of heal wounds
 N - a potion of might
 Q - a potion of magic
 W - a potion of berserk rage
Miscellaneous
 O - a phial of floods (inert)
Comestibles
 q - 3 meat rations
 R - 11 bread rations


   Skills:
 - Level 5.3 Fighting
 + Level 7.4 Axes
 + Level 6.1 Armour
 - Level 3.3 Dodging
 - Level 2.4 Stealth
 - Level 3.4 Shields
 + Level 9.2 Spellcasting
 + Level 2.4 Conjurations
 + Level 2.1 Hexes
 - Level 3.9 Charms
 - Level 10.9 Necromancy
 - Level 3.1 Translocations
 + Level 3.1 Fire Magic
 - Level 6.8 Evocations


You had 15 spell levels left.
You knew the following spells:

 Your Spells              Type           Power        Failure   Level  Hunger
a - Pain                  Necr           ####         1%          1    None
b - Blink                 Tloc           N/A          28%         2    None
c - Conjure Flame         Conj/Fire      ###.....     56%         3    None
t - Shroud of Golubria    Chrm/Tloc      ###.......   26%         2    None
v - Vampiric Draining     Necr           ######....   2%          3    None
x - Inner Flame           Hex/Fire       ###.....     58%         3    None


Dungeon Overview and Level Annotations

Branches:
Dungeon (11/15)            Temple (1/1) D:5            Lair (2/6) D:10
    Orc (2/2) D:11            Elf (0/3) Orc:2
  Swamp: Lair:2-4    Shoals: Lair:2-4     Snake: Lair:2-4    Spider: Lair:2-4

Altars:
Ashenzari
Cheibriados
Dithmenos
Elyvilon
Fedhas
Gozag
Hepliaklqana
Kikubaaqudgha
Nemelex Xobeh
Okawaru
Qazlal
Ru
Sif Muna
Trog
Uskayaw
Vehumet
Xom
Yredelemnul
Zin
The Shining One

Shops:
D:6 [   D:10 [[   Orc:1 %   Lair:1 [

Annotations:
D:2 exclusion: worm
D:4 DIGDIG
D:7 Dowan, Duvessa


Innate Abilities, Weirdness & Mutations

You are resistant to damage.
You can heal yourself by infusing magical energy.
You passively map the area around you.
You do not regenerate.


Message History

Unknown command.
Casting: Vampiric Draining
Confirm with . or Enter, or press ? or * to list all spells.
You miscast Blink.
You are very lightly contaminated with residual magic.
You spin around.
The ettin hits you but does no damage. The ettin closely misses you.
Unknown command.
Unknown command.
Casting: Blink
Confirm with . or Enter, or press ? or * to list all spells.
You don't have enough magic to cast that spell.
Unknown command.
Casting: Blink
Confirm with . or Enter, or press ? or * to list all spells.
You blink.
Unknown command.
The ettin hits you with a dire flail of protection!!
You die...
Your body crumbles into a pile of gold.

..#.#.................#.....#*,
.......#...................##*,
, #......#.................##.#
, ##.#.......................)#
.#.#...................#.##.# *
, .......................###..#
........................#...#
.........................#..#
...<...........C@...........#
....)......[..[.............#
....##........).....<.......# *
......#........#............#
..........#.................#
............................#
.......#.##.................#
...#..#.##..................#
.........##.#...............# ,
,


You could see an ettin.

Vanquished Creatures
  A red draconian (Volcano)
  A centaur warrior (Volcano)
  A two-headed ogre (D:9)
  An orc high priest (Orc:2)
  3 orc knights (Bailey)
  Psyche (D:8)
  2 spiny frogs (Lair:1)
  5 trolls
  3 hippogriffs
  5 wraiths
  A basilisk (D:11)
  9 yaks (D:11)
  A hungry ghost (D:10)
  Menkaure (D:7)
  A water moccasin (D:6)
  16 orc warriors
  2 black bears
  2 ice beasts
  A phantom (D:7)
  3 sky beasts
  2 hornet zombies
  13 ogres
  4 necrophages
  8 centaurs
  A crocodile (Lair:1)
  A big kobold (D:9)
  5 bullfrogs
  4 scorpions
  24 killer bees
  5 wights
  3 howler monkeys
  5 crimson imps
  4 bullfrog zombies
  A centaur skeleton (D:11)
  5 bullfrog skeletons
  12 orc priests
  7 hounds
  2 jellies
  9 orc wizards
  15 mummies (Ossuary)
  An iguana (D:9)
  4 worker ants
  2 hound zombies
  3 hound skeletons
  2 howler monkey zombies
  3 worker ant zombies
  A howler monkey skeleton (D:11)
  15 adders
  16 gnolls
  2 shadow imps
  An ooze (D:4)
  4 adder zombies (Ossuary)
  An adder skeleton (D:9)
  2 dart slugs
  6 leopard geckos
  51 orcs
  A ball python (D:1)
  7 bats
  4 giant cockroaches
  12 goblins
  7 hobgoblins
  14 jackals
  9 quokkas
  15 frilled lizards
  A giant cockroach zombie (Ossuary)
  A gnoll zombie (D:6)
  2 jackal zombies
  11 kobolds
  A leopard gecko skeleton (D:6)
  4 leopard gecko zombies
  A quokka zombie (D:5)
  5 rats
399 creatures vanquished.

Vanquished Creatures (collateral kills)
  An ettin (Orc:2)
  Josephine (Orc:2)
  A wraith (Orc:2)
  4 orc warriors
  2 orc wizards (Orc:1)
  An orc (Bailey)
10 creatures vanquished.

Vanquished Creatures (others)
  An orc warrior (Bailey)
  A killer bee (Lair:1)
  2 fungi
  A withered plant (Ossuary)
5 creatures vanquished.

Grand Total: 414 creatures vanquished

Notes
Turn   | Place    | Note
-------+----------+-------------------------------------------
     0 | D:1      | letownia2 the Deep Dwarf Necromancer began the quest for the Orb.
     0 | D:1      | Reached XP level 1. HP: 15/15 MP: 3/3
   193 | D:2      | Reached XP level 2. HP: 4/22 MP: 0/5
   600 | D:3      | Reached skill level 5 in Necromancy
   674 | D:4      | Reached XP level 3. HP: 5/28 MP: 2/6
   681 | D:3      | Learned a level 3 spell: Vampiric Draining
   791 | D:3      | Noticed a sky beast
  1169 | D:3      | Reached XP level 4. HP: 12/36 MP: 0/7
  1246 | D:4      | Reached skill level 6 in Necromancy
  1812 | D:4      | Reached XP level 5. HP: 38/42 MP: 1/9
  2027 | D:5      | Entered Level 5 of the Dungeon
  2167 | D:5      | Found a staircase to the Ecumenical Temple.
  2175 | Temple   | Entered the Ecumenical Temple
  2201 | Temple   | Became a worshipper of Gozag Ym Sagoz the Greedy
  2202 | Temple   | Reached XP level 6. HP: 44/49 MP: 9/11
  2238 | D:5      | Found a blossoming altar of Fedhas.
  2619 | D:5      | Found a basalt altar of Yredelemnul.
  2624 | D:5      | Found a glowing silver altar of Zin.
  2626 | D:5      | Noticed an ice beast
  2630 | D:5      | Killed an ice beast
  2630 | D:5      | Reached skill level 1 in Fighting
  2630 | D:5      | Reached skill level 7 in Necromancy
  3028 | D:3      | Killed a sky beast
  3028 | D:3      | Reached skill level 1 in Armour
  3028 | D:3      | Reached XP level 7. HP: 49/60 MP: 1/12
  3838 | D:2      | Found a snail-covered altar of Cheibriados.
  4958 | D:5      | Found an ancient bone altar of Kikubaaqudgha.
  5025 | D:5      | Reached skill level 8 in Necromancy
  5225 | D:6      | Found Qausonurch's Armour Emporium.
  5242 | D:6      | Reached skill level 1 in Evocations
  5415 | D:6      | Reached XP level 8. HP: 50/67 MP: 7/15
  5430 | D:6      | Reached skill level 5 in Spellcasting
  5463 | D:6      | Found a sand-covered staircase.
  5482 | Ossuary  | Entered an ossuary
  5569 | Ossuary  | Reached skill level 1 in Shields
  6060 | Ossuary  | HP: 5/102 [hornet zombie (3)]
  6157 | D:6      | Reached skill level 5 in Evocations
  6592 | D:6      | Found a hide-covered altar of Uskayaw.
  6859 | D:7      | Found a shattered altar of Ashenzari.
  6954 | D:7      | Noticed a hippogriff
  6964 | D:7      | Noticed Menkaure
  6984 | D:7      | Killed Menkaure
  6984 | D:7      | Gained mutation: You passively map the area around you. [Deep Dwarf growth]
  6984 | D:7      | Reached XP level 9. HP: 28/75 MP: 15/18
  7139 | D:7      | Noticed Duvessa
  7139 | D:7      | Noticed Dowan
  8132 | D:8      | You fall through a shaft for 3 floors!
  8511 | D:11     | Reached XP level 10. HP: 53/85 MP: 9/22
  8514 | D:11     | Reached skill level 9 in Necromancy
  8542 | D:11     | Found a staircase to the Orcish Mines.
  8924 | D:10     | Entered Level 10 of the Dungeon
  9031 | D:10     | Reached skill level 5 in Fighting
  9178 | D:10     | Reached skill level 10 in Necromancy
  9263 | D:10     | Found a flagged portal.
  9424 | Bailey   | Entered a bailey
  9424 | Bailey   | Noticed an orc knight
  9424 | Bailey   | Noticed an orc knight
  9429 | Bailey   | Noticed an orc knight
  9443 | Bailey   | Killed an orc knight
  9512 | Bailey   | Got a brightly glowing scale mail
  9536 | Bailey   | Identified the +5 scale mail "Maciatew" {rN+} (You found it in a bailey)
  9586 | Bailey   | Killed an orc knight
  9596 | Bailey   | Killed an orc knight
  9596 | Bailey   | Reached skill level 5 in Armour
  9698 | Bailey   | Learned a level 2 spell: Blink
  9701 | Bailey   | Learned a level 2 spell: Shroud of Golubria
  9845 | D:10     | Reached skill level 1 in Translocations
  9897 | D:10     | Reached XP level 11. HP: 88/94 MP: 16/23
  9921 | D:9      | Noticed a two-headed ogre
  9934 | D:9      | Killed a two-headed ogre
  9934 | D:9      | Reached skill level 1 in Charms
 10517 | D:9      | Found a blossoming altar of Fedhas.
 10517 | D:9      | Found a shattered altar of Ashenzari.
 10517 | D:9      | Found a shimmering altar of Xom.
 10530 | D:9      | Found a white marble altar of Elyvilon.
 10554 | D:9      | Found a shadowy altar of Dithmenos.
 10694 | D:8      | Noticed Psyche
 10711 | D:8      | Killed Psyche
 11471 | D:10     | Found a staircase to the Lair.
 11691 | Lair:1   | Entered Level 1 of the Lair of Beasts
 11798 | Lair:1   | Learned a level 3 spell: Conjure Flame
 11802 | Lair:1   | Learned a level 3 spell: Inner Flame
 11803 | Lair:1   | Bought a fine chain mail for 237 gold pieces
 11813 | Lair:1   | Identified the +7 chain mail of the Princess {rF+ Str+2 Int+2} (You bought it in a shop on level 1 of the Lair of Beasts)
 11814 | Lair:1   | Found a dark tunnel.
 11825 | Volcano  | Entered a volcano
 11842 | Volcano  | Noticed a centaur warrior
 11857 | Volcano  | Killed a centaur warrior
 11968 | Volcano  | Noticed a red draconian
 11999 | Volcano  | Killed a red draconian
 11999 | Volcano  | Reached skill level 5 in Axes
 12807 | D:11     | Reached skill level 1 in Fire Magic
 12878 | D:11     | Reached skill level 1 in Conjurations
 13023 | Orc:1    | Entered Level 1 of the Orcish Mines
 13078 | D:11     | Reached skill level 1 in Hexes
 13177 | Orc:1    | Found Ciw Lub's Food Shop.
 13448 | Orc:2    | Entered Level 2 of the Orcish Mines
 13632 | Orc:2    | Reached XP level 12. HP: 76/100 MP: 25/25
 13662 | Orc:2    | Noticed Josephine
 13718 | Orc:2    | Killed Josephine
 13900 | Orc:1    | Noticed an ettin
 14120 | Orc:2    | Killed an ettin
 14170 | Orc:2    | Noticed an orc high priest
 14186 | Orc:2    | Killed an orc high priest
 14364 | Orc:2    | Noticed an ettin
 14413 | Orc:2    | Mangled by an ettin

Skill      XL: |  1  2  3  4  5  6  7  8  9 10 11 12 |
---------------+-------------------------------------+-----
Spellcasting   | 2 3 4 6 8 9 |  9.2
Necromancy     | 5 6 7 8 10 | 10.9
Fighting       | 2 3 5 |  5.3
Armour         | 1 2 5 6 |  6.1
Evocations     | 3 5 6 |  6.8
Shields        | 3 |  3.4
Dodging        | 3 |  3.3
Translocations | 1 3 |  3.1
Charms         | 3 |  3.9
Axes           | 6 7 |  7.4
Fire Magic     | 1 3 |  3.1
Conjurations   | 1 2 |  2.4
Hexes          | 1 2 |  2.1
Stealth        | |  2.4

Action                   |  1- 3 |  4- 6 |  7- 9 | 10-12 || total
-------------------------+-------+-------+-------+-------++-------
Melee: Unarmed           |    26 |       |       |       ||    26
       Hand axe          |     3 |       |       |       ||     3
       Dagger            |    16 |    53 |   389 |   339 ||   797
       Broad axe         |       |       |       |   261 ||   261
       Demon trident     |       |       |       |    51 ||    51
 Fire: Arbalest          |       |       |       |    36 ||    36
Throw: Javelin           |     2 |     3 |    41 |    17 ||    63
 Cast: Pain              |    31 |    56 |   106 |    25 ||   218
       Vampiric Draining |     8 |    19 |    75 |   197 ||   299
       Shroud of Golubri |       |       |       |     2 ||     2
       Blink             |       |       |       |     2 ||     2
Invok: Call Merchant     |       |       |       |     3 ||     3
Evoke: Wand              |       |       |     8 |    32 ||    40
       Box of beasts     |       |       |       |     3 ||     3
       Phial of floods   |       |       |       |     1 ||     1
  Use: Scroll            |       |       |    11 |    13 ||    24
       Potion            |       |       |     5 |     4 ||     9
 Stab: Sleeping          |       |     2 |     1 |       ||     3
       Distracted        |       |       |     2 |     1 ||     3
       Confused          |       |       |       |     6 ||     6
  Eat: Chunk             |     2 |     6 |       |       ||     8
       Bread ration      |       |     1 |     1 |       ||     2
       Meat ration       |       |       |     2 |     3 ||     5
       Royal jelly       |       |       |     3 |     1 ||     4
       Fruit             |       |       |       |     3 ||     3
Armor: Ring mail         |    24 |    31 |   126 |    40 ||   221
       Skin              |       |       |    32 |       ||    32
       Scale mail        |       |       |       |   158 ||   158
       Chain mail        |       |       |       |   409 ||   409
Dodge: Dodged            |    45 |    42 |   171 |   457 ||   715
Block: Buckler           |       |       |    61 |   225 ||   286
